[ PARTIDA AOE2 · #478275937 ]
Team RMGodos vs Saracens
[ ANÁLISIS DE REPETICIÓN · EXTRAÍDO DE LA PARTIDA GRABADA ]
Feudal
12:10
Castillos
25:08
Imperial
—
| APM promedio | 12.1 |
| APM pico | 25 |
| eAPM promedio | 9.3 |
| Aldeanos / militares | 72 / 50 |
Foco
⚔️ 22.4% · 🌾 77.6%
Militia ×32 · Mangonel ×9 · Scorpion ×4 · Spearman ×3 · Trade Cart ×2 · Huskarl ×2
Feudal
12:18
Castillos
16:44
Imperial
36:06
| APM promedio | 18.8 |
| APM pico | 68 |
| eAPM promedio | 13.6 |
| Aldeanos / militares | 110 / 50 |
Foco
⚔️ 16.3% · 🌾 83.7%
Archer ×13 · Hand Cannoneer ×13 · Hussite Wagon ×11 · Spearman ×8 · Bombard Cannon ×3 · Mangonel ×2
Feudal
10:25
Castillos
14:20
Imperial
30:57
| APM promedio | 31.3 |
| APM pico | 58 |
| eAPM promedio | 18.5 |
| Aldeanos / militares | 91 / 49 |
Foco
⚔️ 25.3% · 🌾 74.7%
Mameluke ×28 · Battering Ram ×7 · Mangonel ×5 · Trebuchet (Packed) ×5 · Monk ×4
Feudal
9:55
Castillos
21:31
Imperial
34:38
| APM promedio | 29.1 |
| APM pico | 60 |
| eAPM promedio | 15.6 |
| Aldeanos / militares | 124 / 77 |
Foco
⚔️ 22.4% · 🌾 77.6%
Steppe Lancer ×67 · Battering Ram ×6 · Trebuchet (Packed) ×4
Mapa de la partida
Recursos al inicio + cada clic de construcción. Línea gruesa = muro · recuadro discontinuo = muro de casas detectado. 🟡 oro · ⚪ piedra · 🟢 bayas · 🔶 jabalí · ⭕ reliquia
Inputs por minuto
— simirfan - - M.S.
Build order — simirfan
Primeras 150 de 172 acciones detectadas
| 0:02 | Investigar | Loom |
| 0:03 | Crear | Villager (Male) ×4 |
| 0:05 | Construir | House |
| 0:07 | Construir | House |
| 1:31 | Crear | Villager (Male) |
| 1:51 | Construir | Lumber Camp |
| 2:09 | Crear | Villager (Male) |
| 2:31 | Crear | Villager (Male) |
| 3:04 | Crear | Villager (Male) |
| 3:32 | Crear | Villager (Male) |
| 3:41 | Construir | House |
| 4:03 | Construir | Mill |
| 4:06 | Crear | Villager (Male) |
| 4:33 | Crear | Villager (Male) |
| 4:40 | Construir | House |
| 4:58 | Construir | House |
| 5:08 | Crear | Villager (Male) |
| 5:33 | Crear | Villager (Male) |
| 5:35 | Crear | Villager (Male) |
| 6:02 | Construir | House |
| 6:26 | Crear | Villager (Male) |
| 6:52 | Crear | Villager (Male) ×4 |
| 7:26 | Construir | Barracks |
| 7:32 | Construir | Outpost |
| 7:45 | Crear | Villager (Male) |
| 8:30 | Construir | Outpost |
| 8:33 | Construir | Outpost |
| 8:45 | Crear | Villager (Male) |
| 8:45 | Crear | Villager (Male) |
| 9:10 | Construir | Mining Camp |
| 10:00 | Investigar | Feudal Age |
| 10:02 | Crear | Villager (Male) |
| 10:03 | Crear | Villager (Male) |
| 10:10 | Crear | Militia |
| 10:39 | Crear | Militia |
| 10:55 | Construir | Mill |
| 11:03 | Construir | Farm |
| 11:04 | Construir | Farm |
| 11:05 | Construir | Farm |
| 11:10 | Crear | Militia |
| 11:18 | Crear | Militia |
| 12:10 | Edad | Edad Feudal |
| 12:12 | Investigar | Man-at-Arms (upgrade) |
| 12:17 | Investigar | Double-Bit Axe |
| 12:23 | Construir | Blacksmith |
| 12:31 | Construir | Market |
| 12:55 | Investigar | Horse Collar |
| 13:06 | Construir | House |
| 13:13 | Crear | Villager (Male) |
| 13:14 | Crear | Villager (Male) |
| 13:34 | Crear | Militia |
| 13:35 | Crear | Spearman |
| 13:42 | Crear | Villager (Male) |
| 13:47 | Construir | House |
| 14:36 | Construir | Mining Camp |
| 14:42 | Construir | Farm |
| 14:42 | Construir | Farm |
| 14:42 | Construir | Farm |
| 14:43 | Construir | Farm |
| 14:43 | Construir | Farm |
| 14:43 | Construir | Farm |
| 14:45 | Crear | Villager (Male) |
| 14:46 | Crear | Villager (Male) |
| 14:47 | Crear | Villager (Male) |
| 14:52 | Crear | Trade Cart |
| 15:17 | Crear | Villager (Male) |
| 15:29 | Investigar | Gold Mining |
| 15:35 | Crear | Villager (Male) |
| 15:43 | Construir | Farm |
| 15:43 | Construir | Farm |
| 15:44 | Construir | Farm |
| 15:44 | Construir | Farm |
| 16:28 | Investigar | Stone Mining |
| 16:38 | Construir | Mining Camp |
| 16:51 | Construir | Lumber Camp |
| 18:49 | Crear | Militia |
| 18:49 | Crear | Militia |
| 18:50 | Crear | Militia |
| 19:06 | Crear | Villager (Male) |
| 19:06 | Crear | Villager (Male) |
| 20:07 | Construir | Farm |
| 20:07 | Construir | Farm |
| 20:07 | Construir | Farm |
| 20:08 | Construir | Farm |
| 20:11 | Crear | Villager (Male) |
| 20:11 | Crear | Villager (Male) |
| 20:32 | Crear | Militia |
| 20:45 | Construir | Farm |
| 20:45 | Construir | Farm |
| 20:45 | Construir | Farm |
| 20:46 | Construir | Farm |
| 20:46 | Construir | Farm |
| 20:46 | Construir | Farm |
| 20:59 | Crear | Militia |
| 21:17 | Crear | Villager (Male) |
| 21:17 | Crear | Villager (Male) |
| 21:23 | Construir | House |
| 21:24 | Construir | House |
| 21:26 | Construir | House |
| 21:27 | Construir | House |
| 21:28 | Construir | House |
| 21:47 | Construir | Barracks |
| 21:52 | Construir | Barracks |
| 21:55 | Construir | Barracks |
| 22:28 | Investigar | Castle Age |
| 22:51 | Crear | Militia ×2 |
| 23:04 | Crear | Villager (Male) |
| 23:05 | Crear | Villager (Male) |
| 23:12 | Crear | Trade Cart |
| 23:57 | Construir | Watch Tower |
| 24:04 | Crear | Spearman |
| 24:04 | Crear | Spearman |
| 24:34 | Investigar | Scale Mail Armor |
| 24:34 | Investigar | Forging |
| 24:36 | Investigar | Padded Archer Armor |
| 24:37 | Investigar | Fletching |
| 24:54 | Crear | Villager (Male) |
| 25:04 | Construir | Barracks |
| 25:08 | Edad | Edad de los Castillos |
| 25:23 | Construir | Castle |
| 25:38 | Construir | Siege Workshop |
| 25:50 | Investigar | Long Swordsman (upgrade) |
| 26:59 | Crear | Militia ×5 |
| 27:06 | Crear | Mangonel |
| 27:28 | Construir | Farm |
| 27:41 | Crear | Mangonel |
| 28:05 | Construir | Town Center |
| 29:05 | Construir | Town Center |
| 29:20 | Crear | Scorpion |
| 29:29 | Crear | Villager (Male) ×5 |
| 29:35 | Investigar | Scale Barding Armor |
| 29:42 | Crear | Villager (Male) |
| 30:29 | Construir | Farm |
| 30:32 | Construir | Farm |
| 30:46 | Crear | Villager (Male) |
| 30:46 | Crear | Villager (Male) |
| 30:46 | Crear | Villager (Male) |
| 31:03 | Crear | Militia ×5 |
| 31:03 | Crear | Militia ×5 |
| 31:27 | Construir | Farm |
| 31:27 | Construir | Farm |
| 31:27 | Construir | Farm |
| 31:28 | Construir | Farm |
| 31:30 | Crear | Villager (Male) |
| 31:31 | Crear | Villager (Male) |
| 31:32 | Investigar | Wheelbarrow |
| 31:33 | Investigar | Town Watch |
| 31:42 | Crear | Villager (Male) |
| 32:36 | Crear | Militia ×5 |
| 32:45 | Crear | Scorpion |
Build order — M.S.
Primeras 150 de 262 acciones detectadas
| 0:00 | Crear | Villager (Male) ×4 |
| 0:00 | Crear | Villager (Male) |
| 0:00 | Crear | Villager (Male) |
| 0:01 | Crear | Villager (Male) |
| 0:01 | Crear | Villager (Male) |
| 0:01 | Crear | Villager (Male) |
| 0:01 | Crear | Villager (Male) |
| 0:01 | Crear | Villager (Male) |
| 0:01 | Crear | Villager (Male) |
| 0:01 | Crear | Villager (Male) |
| 0:01 | Crear | Villager (Male) |
| 0:01 | Crear | Villager (Male) |
| 0:01 | Crear | Villager (Male) |
| 0:01 | Crear | Villager (Male) |
| 0:01 | Crear | Villager (Male) |
| 0:01 | Crear | Villager (Male) |
| 0:01 | Crear | Villager (Male) |
| 0:01 | Crear | Villager (Male) |
| 0:01 | Crear | Villager (Male) |
| 0:01 | Crear | Villager (Male) |
| 0:01 | Crear | Villager (Male) |
| 0:01 | Crear | Villager (Male) |
| 0:01 | Crear | Villager (Male) |
| 0:01 | Crear | Villager (Male) |
| 0:01 | Crear | Villager (Male) |
| 0:01 | Crear | Villager (Male) |
| 0:01 | Crear | Villager (Male) |
| 0:01 | Crear | Villager (Male) |
| 0:01 | Crear | Villager (Male) |
| 0:04 | Construir | House |
| 1:29 | Crear | Villager (Male) |
| 2:02 | Crear | Villager (Male) |
| 2:27 | Crear | Villager (Male) |
| 2:38 | Investigar | Loom |
| 2:38 | Investigar | Loom |
| 2:43 | Construir | House |
| 2:49 | Crear | Villager (Male) |
| 3:02 | Crear | Villager (Male) |
| 3:11 | Construir | House |
| 3:13 | Construir | House |
| 3:14 | Construir | House |
| 3:18 | Crear | Villager (Male) |
| 3:40 | Construir | Mill |
| 3:43 | Crear | Villager (Male) |
| 3:43 | Crear | Villager (Male) |
| 4:14 | Crear | Villager (Male) |
| 4:34 | Crear | Villager (Male) |
| 4:34 | Crear | Villager (Male) |
| 4:43 | Construir | House |
| 4:45 | Construir | House |
| 4:48 | Crear | Villager (Male) |
| 5:24 | Crear | Villager (Male) |
| 5:24 | Crear | Villager (Male) |
| 5:51 | Construir | House |
| 5:52 | Construir | House |
| 6:00 | Crear | Villager (Male) |
| 6:00 | Crear | Villager (Male) |
| 6:24 | Crear | Villager (Male) |
| 6:25 | Crear | Villager (Male) |
| 6:25 | Crear | Villager (Male) |
| 6:39 | Crear | Villager (Male) |
| 6:39 | Crear | Villager (Male) |
| 7:21 | Construir | Mining Camp |
| 7:43 | Crear | Villager (Male) |
| 7:44 | Crear | Villager (Male) |
| 8:40 | Crear | Villager (Male) |
| 8:40 | Crear | Villager (Male) |
| 9:25 | Construir | Lumber Camp |
| 9:45 | Investigar | Feudal Age |
| 10:50 | Construir | Outpost |
| 11:13 | Construir | Mill |
| 11:26 | Crear | Villager (Male) |
| 11:26 | Crear | Villager (Male) |
| 11:52 | Construir | Outpost |
| 12:18 | Edad | Edad Feudal |
| 12:26 | Construir | Market |
| 12:30 | Construir | Blacksmith |
| 13:14 | Crear | Villager (Male) |
| 13:25 | Investigar | Double-Bit Axe |
| 13:29 | Crear | Villager (Male) |
| 13:33 | Construir | Farm |
| 13:33 | Construir | Farm |
| 13:34 | Construir | Farm |
| 13:34 | Construir | Farm |
| 13:35 | Construir | Farm |
| 13:36 | Construir | Farm |
| 13:37 | Construir | Farm |
| 13:59 | Investigar | Castle Age |
| 14:08 | Construir | Farm |
| 14:17 | Construir | Farm |
| 14:36 | Construir | Mining Camp |
| 14:48 | Investigar | Double-Bit Axe |
| 15:21 | Investigar | Horse Collar |
| 15:29 | Construir | Farm |
| 15:29 | Construir | Farm |
| 15:29 | Construir | Farm |
| 15:57 | Crear | Trade Cart |
| 16:13 | Construir | Farm |
| 16:14 | Construir | Farm |
| 16:44 | Edad | Edad de los Castillos |
| 16:51 | Crear | Villager (Male) |
| 16:51 | Crear | Villager (Male) |
| 17:39 | Crear | Villager (Male) |
| 18:13 | Crear | Villager (Male) |
| 18:13 | Crear | Villager (Male) |
| 18:34 | Construir | Castle |
| 18:47 | Investigar | Town Watch |
| 18:49 | Investigar | Bow Saw |
| 19:13 | Crear | Villager (Male) |
| 19:31 | Crear | Villager (Male) |
| 19:59 | Crear | Hussite Wagon |
| 20:00 | Crear | Hussite Wagon |
| 20:00 | Crear | Hussite Wagon |
| 20:41 | Construir | Town Center |
| 20:47 | Investigar | Wheelbarrow |
| 21:07 | Crear | Hussite Wagon |
| 21:25 | Crear | Villager (Male) |
| 22:03 | Construir | Castle |
| 22:10 | Crear | Villager (Male) |
| 22:10 | Crear | Villager (Male) |
| 22:13 | Crear | Villager (Male) |
| 22:30 | Crear | Villager (Male) |
| 22:48 | Crear | Villager (Male) |
| 23:17 | Crear | Hussite Wagon |
| 23:24 | Construir | University |
| 23:33 | Construir | Monastery |
| 23:42 | Crear | Hussite Wagon |
| 23:47 | Investigar | Fletching |
| 23:47 | Investigar | Padded Archer Armor |
| 24:07 | Construir | Barracks |
| 24:24 | Crear | Hussite Wagon |
| 24:28 | Crear | Villager (Male) |
| 24:28 | Crear | Villager (Male) |
| 24:42 | Investigar | Fervor |
| 24:54 | Construir | Siege Workshop |
| 25:00 | Investigar | Pikeman (upgrade) |
| 25:06 | Crear | Villager (Male) |
| 25:07 | Crear | Villager (Male) |
| 25:26 | Construir | Archery Range |
| 25:29 | Construir | Archery Range |
| 25:32 | Crear | Spearman |
| 25:33 | Crear | Spearman |
| 25:43 | Crear | Villager (Male) |
| 26:11 | Crear | Villager (Male) |
| 26:11 | Crear | Villager (Male) |
| 26:11 | Crear | Villager (Male) |
| 26:16 | Crear | Hussite Wagon |
| 26:25 | Crear | Mangonel |
| 26:56 | Crear | Hussite Wagon |
| 27:08 | Crear | Hussite Wagon |
Build order — voleadordecatafractra
Primeras 150 de 254 acciones detectadas
| 0:04 | Crear | Villager (Male) |
| 0:06 | Construir | House |
| 0:09 | Construir | House |
| 0:13 | Crear | Villager (Male) |
| 0:13 | Crear | Villager (Male) |
| 0:14 | Crear | Villager (Male) |
| 1:39 | Crear | Villager (Male) |
| 1:50 | Construir | Lumber Camp |
| 2:02 | Crear | Villager (Male) |
| 2:41 | Crear | Villager (Male) |
| 2:41 | Crear | Villager (Male) |
| 3:27 | Crear | Villager (Male) |
| 3:27 | Crear | Villager (Male) |
| 4:10 | Construir | House |
| 4:13 | Crear | Villager (Male) |
| 4:35 | Crear | Villager (Male) |
| 4:35 | Crear | Villager (Male) |
| 5:20 | Crear | Villager (Male) |
| 5:21 | Crear | Villager (Male) |
| 5:21 | Crear | Villager (Male) |
| 5:21 | Crear | Villager (Male) |
| 5:37 | Construir | House |
| 5:50 | Construir | Mill |
| 6:38 | Crear | Villager (Male) |
| 6:38 | Crear | Villager (Male) |
| 6:38 | Crear | Villager (Male) |
| 7:09 | Construir | Mining Camp |
| 8:06 | Crear | Villager (Male) |
| 8:10 | Investigar | Feudal Age |
| 8:41 | Construir | House |
| 10:01 | Crear | Villager (Male) |
| 10:01 | Crear | Villager (Male) |
| 10:25 | Edad | Edad Feudal |
| 10:32 | Crear | Villager (Male) |
| 10:33 | Crear | Villager (Male) |
| 10:37 | Construir | Market |
| 10:41 | Construir | Blacksmith |
| 11:37 | Investigar | Castle Age |
| 12:09 | Investigar | Double-Bit Axe |
| 12:16 | Investigar | Horse Collar |
| 13:43 | Crear | Villager (Male) |
| 13:43 | Crear | Villager (Male) |
| 14:20 | Edad | Edad de los Castillos |
| 14:46 | Construir | Castle |
| 14:52 | Construir | Palisade Gate |
| 15:04 | Construir | Building 796 |
| 15:16 | Crear | Villager (Male) |
| 15:16 | Crear | Villager (Male) |
| 15:16 | Crear | Villager (Male) |
| 15:48 | Crear | Villager (Male) |
| 15:48 | Crear | Villager (Male) |
| 15:53 | Investigar | Loom |
| 16:14 | Construir | Siege Workshop |
| 16:17 | Construir | Mining Camp |
| 16:22 | Crear | Villager (Male) |
| 16:28 | Crear | Mameluke |
| 16:28 | Crear | Mameluke |
| 16:28 | Crear | Mameluke |
| 16:44 | Construir | Mining Camp |
| 16:48 | Construir | Farm |
| 16:48 | Construir | Farm |
| 16:52 | Construir | Farm |
| 16:56 | Crear | Villager (Male) |
| 16:57 | Crear | Villager (Male) |
| 17:44 | Crear | Mameluke |
| 18:23 | Crear | Villager (Male) |
| 18:23 | Crear | Villager (Male) |
| 18:28 | Construir | Farm |
| 18:29 | Construir | Farm |
| 18:45 | Crear | Villager (Male) |
| 18:49 | Crear | Battering Ram |
| 19:03 | Construir | Farm |
| 19:07 | Construir | Monastery |
| 19:37 | Construir | Farm |
| 19:44 | Crear | Villager (Male) |
| 19:44 | Crear | Villager (Male) |
| 20:11 | Crear | Mameluke |
| 20:12 | Crear | Monk |
| 20:16 | Crear | Battering Ram |
| 20:30 | Construir | Farm |
| 20:32 | Investigar | Fletching |
| 20:37 | Crear | Battering Ram |
| 20:42 | Crear | Mangonel |
| 20:48 | Crear | Villager (Male) |
| 20:48 | Crear | Villager (Male) |
| 20:49 | Crear | Villager (Male) |
| 20:51 | Construir | Farm |
| 20:54 | Construir | House |
| 21:29 | Crear | Monk |
| 21:45 | Crear | Villager (Male) |
| 21:45 | Crear | Villager (Male) |
| 21:45 | Crear | Villager (Male) |
| 21:49 | Crear | Mangonel |
| 21:49 | Crear | Mangonel |
| 21:59 | Crear | Battering Ram |
| 22:00 | Crear | Battering Ram |
| 22:08 | Crear | Mameluke |
| 22:25 | Crear | Villager (Male) |
| 22:33 | Construir | House |
| 22:36 | Construir | House |
| 22:43 | Construir | Farm |
| 22:44 | Construir | Farm |
| 22:44 | Construir | Farm |
| 22:48 | Construir | Farm |
| 22:48 | Construir | Farm |
| 22:49 | Construir | Farm |
| 22:49 | Construir | Farm |
| 22:49 | Construir | Farm |
| 22:55 | Construir | Farm |
| 22:58 | Crear | Mameluke |
| 22:59 | Crear | Mameluke |
| 23:17 | Crear | Villager (Male) |
| 23:18 | Crear | Villager (Male) |
| 23:18 | Crear | Villager (Male) |
| 23:31 | Crear | Battering Ram |
| 23:43 | Crear | Mameluke |
| 24:03 | Crear | Mangonel |
| 24:29 | Crear | Villager (Male) |
| 24:29 | Crear | Villager (Male) |
| 24:29 | Crear | Villager (Male) |
| 24:29 | Crear | Villager (Male) |
| 24:39 | Construir | Farm |
| 24:40 | Construir | Farm |
| 24:40 | Construir | Farm |
| 24:40 | Construir | Farm |
| 24:40 | Construir | Farm |
| 24:41 | Construir | Farm |
| 24:41 | Construir | Farm |
| 24:41 | Construir | Farm |
| 24:41 | Construir | Farm |
| 24:53 | Investigar | Gold Mining |
| 24:54 | Investigar | Gold Mining |
| 25:01 | Construir | Outpost |
| 25:05 | Investigar | Town Watch |
| 25:28 | Construir | Outpost |
| 26:22 | Crear | Mangonel |
| 26:31 | Crear | Mameluke |
| 26:31 | Crear | Mameluke |
| 26:32 | Crear | Villager (Male) |
| 26:32 | Crear | Villager (Male) |
| 26:32 | Crear | Villager (Male) |
| 26:33 | Crear | Villager (Male) |
| 26:35 | Construir | Farm |
| 26:39 | Construir | House |
| 26:40 | Construir | House |
| 27:15 | Crear | Battering Ram |
| 27:44 | Investigar | Imperial Age |
| 27:48 | Construir | Outpost |
| 28:07 | Construir | Outpost |
| 28:13 | Investigar | Bow Saw |
Build order — CanarioAOE
Primeras 150 de 360 acciones detectadas
| 0:02 | Crear | Villager (Male) |
| 0:02 | Crear | Villager (Male) |
| 0:02 | Crear | Villager (Male) |
| 0:02 | Crear | Villager (Male) |
| 0:03 | Construir | House |
| 0:04 | Construir | House |
| 1:48 | Crear | Villager (Male) |
| 1:52 | Construir | Lumber Camp |
| 2:17 | Crear | Villager (Male) |
| 2:35 | Crear | Villager (Male) |
| 2:35 | Crear | Villager (Male) |
| 3:26 | Crear | Villager (Male) |
| 3:26 | Crear | Villager (Male) |
| 4:07 | Construir | House |
| 4:15 | Crear | Villager (Male) |
| 4:32 | Crear | Villager (Male) |
| 4:32 | Crear | Villager (Male) |
| 5:29 | Crear | Villager (Male) |
| 5:29 | Crear | Villager (Male) |
| 5:39 | Construir | Mill |
| 5:46 | Construir | Mill |
| 6:04 | Crear | Villager (Male) |
| 6:04 | Crear | Villager (Male) |
| 6:09 | Construir | House |
| 6:32 | Crear | Villager (Male) |
| 7:01 | Construir | Farm |
| 7:45 | Investigar | Feudal Age |
| 8:30 | Construir | House |
| 9:55 | Edad | Edad Feudal |
| 10:01 | Crear | Villager (Male) |
| 10:01 | Crear | Villager (Male) |
| 10:05 | Construir | Town Center |
| 10:13 | Construir | Farm |
| 10:39 | Crear | Villager (Male) |
| 10:39 | Crear | Villager (Male) |
| 10:42 | Construir | Farm |
| 10:56 | Construir | House |
| 11:42 | Crear | Villager (Male) |
| 11:43 | Crear | Villager (Male) |
| 11:49 | Construir | Farm |
| 11:56 | Construir | Farm |
| 12:13 | Investigar | Double-Bit Axe |
| 12:32 | Crear | Villager (Male) |
| 12:32 | Crear | Villager (Male) |
| 12:33 | Crear | Villager (Male) |
| 12:33 | Crear | Villager (Male) |
| 12:42 | Construir | Farm |
| 12:49 | Crear | Villager (Male) |
| 12:49 | Crear | Villager (Male) |
| 12:57 | Construir | Farm |
| 13:05 | Crear | Villager (Male) |
| 13:11 | Construir | Farm |
| 13:15 | Construir | House |
| 13:17 | Construir | House |
| 13:25 | Construir | Farm |
| 13:26 | Crear | Villager (Male) |
| 13:27 | Crear | Villager (Male) |
| 13:27 | Crear | Villager (Male) |
| 13:40 | Crear | Villager (Male) |
| 13:43 | Crear | Villager (Male) |
| 13:44 | Construir | Farm |
| 13:49 | Construir | Farm |
| 13:55 | Investigar | Horse Collar |
| 14:19 | Crear | Villager (Male) |
| 14:31 | Construir | Blacksmith |
| 14:35 | Crear | Villager (Male) |
| 14:36 | Crear | Villager (Male) |
| 14:36 | Crear | Villager (Male) |
| 14:37 | Crear | Villager (Male) |
| 14:39 | Construir | House |
| 14:44 | Construir | House |
| 14:52 | Crear | Villager (Male) |
| 15:06 | Construir | Market |
| 15:13 | Construir | Farm |
| 15:21 | Construir | Farm |
| 15:28 | Crear | Villager (Male) |
| 15:30 | Crear | Villager (Male) |
| 15:33 | Construir | Farm |
| 15:37 | Construir | Farm |
| 15:40 | Construir | Farm |
| 15:53 | Construir | Farm |
| 15:55 | Crear | Villager (Male) |
| 16:04 | Construir | House |
| 16:06 | Construir | House |
| 16:09 | Crear | Villager (Male) |
| 16:10 | Crear | Villager (Male) |
| 16:12 | Construir | Mining Camp |
| 16:17 | Crear | Villager (Male) |
| 16:25 | Construir | Farm |
| 16:28 | Construir | House |
| 16:40 | Construir | House |
| 16:47 | Construir | Farm |
| 16:50 | Crear | Villager (Male) |
| 16:51 | Crear | Villager (Male) |
| 16:51 | Crear | Villager (Male) |
| 17:00 | Investigar | Gold Mining |
| 17:13 | Construir | House |
| 17:14 | Construir | House |
| 17:20 | Construir | House |
| 17:21 | Construir | House |
| 17:31 | Construir | Palisade Gate |
| 17:49 | Construir | Farm |
| 17:49 | Construir | Farm |
| 17:49 | Construir | Farm |
| 17:50 | Construir | Farm |
| 17:50 | Construir | Farm |
| 17:55 | Construir | Farm |
| 18:01 | Crear | Villager (Male) |
| 18:01 | Crear | Villager (Male) |
| 18:01 | Crear | Villager (Male) |
| 18:06 | Construir | Farm |
| 18:06 | Construir | Farm |
| 18:06 | Construir | Farm |
| 18:06 | Construir | Farm |
| 18:46 | Construir | Barracks |
| 18:51 | Investigar | Castle Age |
| 18:54 | Investigar | Loom |
| 19:16 | Crear | Villager (Male) |
| 19:17 | Crear | Villager (Male) |
| 19:17 | Crear | Villager (Male) |
| 19:17 | Crear | Villager (Male) |
| 20:06 | Construir | Stable |
| 20:07 | Construir | Stable |
| 20:09 | Construir | Stable |
| 20:10 | Construir | Stable |
| 20:15 | Crear | Villager (Male) |
| 20:16 | Crear | Villager (Male) |
| 20:44 | Investigar | Scale Barding Armor |
| 20:51 | Construir | Mining Camp |
| 21:09 | Investigar | Bloodlines |
| 21:19 | Crear | Villager (Male) |
| 21:19 | Crear | Villager (Male) |
| 21:24 | Crear | Villager (Male) |
| 21:24 | Crear | Villager (Male) |
| 21:24 | Crear | Villager (Male) |
| 21:24 | Crear | Villager (Male) |
| 21:31 | Edad | Edad de los Castillos |
| 21:37 | Construir | Town Center |
| 21:45 | Construir | Mill |
| 21:47 | Construir | Farm |
| 21:47 | Construir | Farm |
| 21:47 | Construir | Farm |
| 21:47 | Construir | Farm |
| 21:47 | Construir | Farm |
| 21:48 | Construir | Farm |
| 21:48 | Construir | Farm |
| 21:48 | Construir | Farm |
| 21:48 | Construir | Farm |
| 21:51 | Crear | Villager (Male) |
| 21:52 | Crear | Villager (Male) |
Cronología de la partida
| 7:26 | simirfan · first_building Barracks |
| 9:55 | CanarioAOE · age_up feudal |
| 10:25 | voleadordecatafractra · age_up feudal |
| 11:29 | voleadordecatafractra · first_market_sell 500 stone |
| 11:30 | voleadordecatafractra · first_market_buy 100 food |
| 12:10 | simirfan · age_up feudal |
| 12:18 | M.S. · age_up feudal |
| 13:49 | M.S. · first_market_buy 100 food |
| 13:56 | M.S. · first_market_sell 100 wood |
| 14:20 | voleadordecatafractra · age_up castle |
| 14:46 | voleadordecatafractra · first_building Castle |
| 16:14 | voleadordecatafractra · first_building Siege Workshop |
| 16:44 | M.S. · age_up castle |
| 18:10 | simirfan · first_market_buy 100 food |
| 18:34 | M.S. · first_building Castle |
| 18:46 | CanarioAOE · first_building Barracks |
| 19:07 | voleadordecatafractra · first_building Monastery |
| 20:06 | CanarioAOE · first_building Stable |
| 21:31 | CanarioAOE · age_up castle |
| 22:10 | simirfan · first_market_sell 100 wood |
| 23:33 | M.S. · first_building Monastery |
| 24:07 | M.S. · first_building Barracks |
| 24:11 | CanarioAOE · first_building Siege Workshop |
| 24:54 | M.S. · first_building Siege Workshop |
| 25:08 | simirfan · age_up castle |
| 25:23 | simirfan · first_building Castle |
| 25:26 | M.S. · first_building Archery Range |
| 25:38 | simirfan · first_building Siege Workshop |
| 29:09 | CanarioAOE · first_building Castle |
| 30:25 | voleadordecatafractra · first_building Barracks |
| 30:57 | voleadordecatafractra · age_up imperial |
| 31:23 | voleadordecatafractra · first_building Stable |
| 31:25 | CanarioAOE · first_market_sell 100 food |
| 34:38 | CanarioAOE · age_up imperial |
| 36:06 | M.S. · age_up imperial |
| 38:14 | M.S. · resign |
[ ANÁLISIS IA · 1 CRÉDITO ]
¿Qué pasó realmente en esta partida?
Wolo.gg analiza cada decisión: build order, eco, micro, errores típicos por bracket. Análisis personalizado por WhatsApp o Discord en 30 segundos.
Guía civ
Godos
Guía mapa
Arena
Perfil
Jugador #2024950